 Dungeon Crawl Stone Soup version 0.30-a0-737-gf23d94013f (webtiles) character file.

Game seed: 3087540983226418455

79137 ragingrage the Ripper (level 15, -10/92 HPs)
             Began as a Felid Transmuter on Feb 2, 2023.
             Was an Initiate of Gozag.
             Mangled by a bunyip (22 damage)
             ... on level 4 of the Swamp.
             The game lasted 01:40:58 (47689 turns).

ragingrage the Ripper (Felid Transmuter)           Turns: 47689, Time: 01:40:59

Health: -10/92     AC: 15    Str:  6    XL:     15   Next: 20%
Magic:  27/28      EV: 17    Int: 23    God:    Gozag
Gold:   3052       SH:  0    Dex: 18    Spells: 0/30 levels left
                                        Lives:  0   Deaths: 5

rFire   . . .      SeeInvis +      - Unarmed
rCold   + + +      Faith    .    (shield unavailable)
rNeg    + . .      Spirit   .    (body armour unavailable)
rPois   +          Reflect  .    (helmet unavailable)
rElec   .          Harm     .    (cloak unavailable)
rCorr   .          Rampage  .    (gloves unavailable)
Will    ++...                    (boots unavailable)
Stlth   ++++++                   c - amulet of regeneration
HPRegen 1.15/turn                J - +4 ring of protection
MPRegen 0.21/turn                h - ring "Kurug" {rF+ rN+ Int+2}

@: ice-form, wereblooded
A: freezing attack, amphibious, boosted hp, large, (claws 1), (fangs 3), see
invisible, (speed 1), (shaggy fur 3), (stealthy paws), no weapons or thrown
items, no armour, multi-lived
a: End Transformation, Renounce Religion, Potion Petition, Call Merchant, Bribe
Branch


You were on level 4 of the Swamp.
You worshipped Gozag.
Gozag was most pleased with you.
You were a creature of crystalline ice.
You visited 6 branches of the dungeon, and saw 31 of its levels.
You also visited: Ossuary and Ice Cave.

You collected 11854 gold pieces.
You spent 333 gold pieces at shops.
You paid 8469 gold pieces to Gozag.

Inventory:

Jewellery
 c - an amulet of regeneration (around neck)
 h - the ring "Kurug" (right front paw) {rF+ rN+ Int+2}
   (You acquired it on level 2 of the Lair of Beasts)

   [ring of protection from fire]

   Int:       It affects your intelligence (+2).
   rF:        It protects you from fire.
   rN:        It protects you from negative energy.
 B - the ring of Wonawof {rN+ rCorr Str+2}
   (You acquired it on level 3 of the Lair of Beasts)

   [ring of resist corrosion]

   Str:       It affects your strength (+2).
   rN:        It protects you from negative energy.
   rCorr:     It protects you from acid and corrosion.
 H - a ring of ice
 J - a +4 ring of protection (left front paw)
Wands
 e - a wand of iceblast (25)
 t - a wand of digging (6)
 u - a wand of flame (19)
 y - a wand of light (3)
 F - a wand of paralysis (10)
 G - a wand of polymorph (4)
 N - a wand of mindburst (7)
Scrolls
 d - 6 scrolls of magic mapping
 f - 4 scrolls of fear
 g - 8 scrolls of blinking
 i - 8 scrolls of teleportation
 l - 2 scrolls of fog
 m - 4 scrolls of amnesia
 r - 5 scrolls of poison
 w - 5 scrolls of vulnerability
 x - 3 scrolls of torment
 A - 8 scrolls of identify
 D - a scroll of silence
 K - 2 scrolls of butterflies
Potions
 a - 5 potions of lignification
 b - 19 potions of curing
 j - 6 potions of resistance
 k - 7 potions of flight
 n - 2 potions of cancellation
 o - 4 potions of heal wounds
 p - 8 potions of mutation
 q - 4 potions of berserk rage
 s - 4 potions of attraction
 v - 4 potions of might
 z - 3 potions of haste
 I - 3 potions of magic
 L - a potion of invisibility
Miscellaneous
 C - a piece from Xom's chessboard (15/15)
 E - a box of beasts (inert)
 M - a phantom mirror


   Skills:
 - Level 15.0 Fighting
 - Level 13.0 Dodging
 - Level 15.0 Stealth
 - Level 17.4 Unarmed Combat
 - Level 8.0 Spellcasting
 - Level 13.0 Hexes
 + Level 13.6 Transmutations
 - Level 5.0 Ice Magic
 + Level 7.7 Air Magic
 - Level 6.6 Evocations


You couldn't memorise any spells.
You knew the following spells:

 Your Spells              Type           Power      Damage    Failure   Level
a - Ice Form              Ice/Tmut       51%        N/A       1%          4
b - Wereblood             Tmut           64%        N/A       1%          2
c - Ensorcelled Hibernat  Hex/Ice        100%       N/A       1%          2
d - Tukima's Dance        Hex            62%        N/A       1%          3
f - Blade Hands           Tmut           32%        N/A       1%          5
g - Swiftness             Air            44%        N/A       1%          3
h - Yara's Violent Unrav  Hex/Tmut       31%        3d13      1%          5
i - Passwall              Tmut/Erth      33%        N/A       1%          2
j - Cause Fear            Hex            31%        N/A       1%          4

Your spell library contained the following spells:

 Spells                   Type           Power      Damage    Failure   Level
 Beastly Appendage        Tmut           100%       N/A       1%          1
 Dazzling Flash           Conj/Hex       78%        N/A       1%          3
 Inner Flame              Hex/Fire       39%        N/A       1%          3
 Spider Form              Tmut/Pois      40%        N/A       1%          3
 Summon Guardian Golem    Hex/Summ       39%        N/A       1%          3
 Silence                  Hex/Air        27%        N/A       2%          5
 Fulminant Prism          Conj/Hex       19%        3d10      4%          4
 Summon Small Mammal      Summ           36%        N/A       7%          1
 Kindle Blastsparks       Fire/Tloc/Air  42%        2d13      7%          3
 Blink                    Tloc           18%        N/A       11%         2
 Scorch                   Fire           18%        2d5       11%         2
 Alistair's Intoxication  Tmut/Pois      26%        N/A       12%         5
 Irradiate                Conj/Tmut      20%        3d18      12%         5
 Call Canine Familiar     Summ           9%         N/A       21%         3
 Dragon Form              Tmut           32%        N/A       22%         7
 Enfeeble                 Hex            31%        N/A       28%         7
 Eringya's Noxious Bog    Tmut/Pois      20%        N/A       54%         6
 Flame Wave               Conj/Fire      9%         2d6       56%         4
 Iskenderun's Mystic Bla  Conj/Tloc      9%         2d4       56%         4
 Manifold Assault         Tloc           9%         N/A       56%         4
 Passage of Golubria      Tloc           9%         N/A       56%         4
 Storm Form               Tmut/Air       27%        N/A       58%         7
 Agony                    Necr           9%         N/A       88%         5
 Borgnjor's Vile Clutch   Necr/Erth      4%         N/A       88%         5
 Lee's Rapid Deconstruct  Erth           4%         3d5*      88%         5
 Discord                  Hex            31%        N/A       91%         8
 Dispersal                Tloc           4%         N/A       100%        6
 Summon Cactus Giant      Summ           4%         N/A       100%        6
 Disjunction              Tloc           4%         N/A       100%        8
 Portal Projectile        Hex/Tloc       Unusable   N/A       N/A         3

Dungeon Overview and Level Annotations

Branches:
Dungeon (15/15)            Temple (1/1) D:6            Lair (5/5) D:8
  Swamp (4/4) Lair:2        Snake (4/4) Lair:3        Slime (0/5) Lair:5
    Orc (2/2) D:11            Elf (0/3) Orc:2        Vaults (0/5) D:14
 Depths (0/4) D:15        Ossuary (visited)           IceCv (visited)

Altars:
Cheibriados
Elyvilon
Fedhas
Gozag
Hepliaklqana
Kikubaaqudgha
Makhleb
Nemelex Xobeh
Okawaru
Ru
Sif Muna
Uskayaw
Vehumet
Xom
Yredelemnul
The Shining One

Shops:
D:5 ?!   D:6 [([(   D:8 ::::   D:14 (   D:15 ?=   Orc:2 [[[=   Snake:2 [

Annotations:
D:13 3 runed translucent doors, epsilonplus's ghost, journeyman TeHu
D:14 1 exclusion
Lair:5 exclusions: 2 doors and 1 more exclusion
Swamp:2 exclusion: 2 downstairs
Snake:2 1 runed translucent door, hikkokomori's ghost, adept MiGl
Snake:3 1 runed translucent door, Mimusiah's ghost, adept HOFi
Snake:4 exclusions: lindwurm and 1 more exclusion


Innate Abilities, Weirdness & Mutations

You are a creature of crystalline ice.
You have a powerful freezing melee attack.
You are amphibious.
Your maximum health is increased.
((You have sharp claws.))
((You have razor-sharp teeth.))
You have supernaturally acute eyesight. (SInv)
((You cover ground quickly. (Speed+)))
((Your thick and shaggy fur keeps you warm. (AC +3, rC+)))
((Your paws help you pounce on unaware monsters.))
You are incapable of wielding weapons or throwing items.
You cannot wear armour.
You gain extra lives every three experience levels.


Message History

A four-headed hydra comes into view.
You hear a roar! x2; You hear a deafening roar! x2; You hear a roar!
You hear a deafening roar!
You hear a roar!
You hear a deafening roar!
You hear a roar!
You hear a shout!
You barely miss the bunyip.
The bunyip claws you but does no damage.
The bunyip completely misses you. The bunyip barely misses you.
You hit the bunyip. You freeze the bunyip.
The bunyip is lightly wounded.
You punch the bunyip! You freeze the bunyip.
The bunyip is moderately wounded.
You hit the bunyip. You freeze the bunyip.
The bunyip is moderately wounded.
Casting: Ensorcelled Hibernation (safe; 1% risk of failure)
Confirm with . or Enter, or press ? or * to list all spells.
Your blood is infused with primal strength.
The bunyip closely misses you. The bunyip claws you!! x2
You hit the bunyip. You freeze the bunyip.
The bunyip is moderately wounded.
You punch the bunyip! You freeze the bunyip.
The bunyip is heavily wounded.
The four-headed hydra bites you but does no damage.
The four-headed hydra closely misses you.
The four-headed hydra completely misses you.
The four-headed hydra barely misses you.
You punch the four-headed hydra! You freeze the four-headed hydra.
The four-headed hydra is moderately wounded.
You hit the bunyip. You freeze the bunyip.
The bunyip is severely wounded.
The four-headed hydra bites you but does no damage.
The four-headed hydra misses you.
The four-headed hydra bites you but does no damage.
The four-headed hydra bites you.
You barely miss the bunyip.
The bunyip is severely wounded.
The bunyip claws you!!
* * * LOW HITPOINT WARNING * * *
The bunyip claws you!!
You die...
Your body crumbles into a pile of gold.

♣##♣♣~^~i~.if~♣♣
#♣♣~.~..~♣♣
#♣~..~.~♣
#♣~...♣♣
♣~~.~~♣♣ $
#♣~..~~♣♣
#♣~.~~..♣♣
♣~.....x.♣
#♣..~.~DY~♣
#♣...~..~.♣♣
#~~.).♣.♣♣♣
##♣~...♣♣♣♣
#~.~~♣♣♣
.....♣♣♣♣ ♣k♣~♣
♣♣


You could see a bunyip (catching breath) and a four-headed hydra.

Vanquished Creatures
  Mlioglotl (Swamp:1)
  Gastronok (Lair:3)
  Donald (Snake:2)
  A nagaraja (Snake:4)
  5 fenstrider witches
  Kirke (D:14)
  2 eleionomae
  3 bunyips
  2 dire elephants
  Josephine (D:13)
  Fannar (D:12)
  A fire dragon (D:14)
  A vault guard (D:14)
  A ghost crab (Swamp:3)
  5 catoblepae
  17 hydras
  5 anacondas
  3 centaur warriors
  7 alligators
  2 salamander tyrants (Snake:4)
  2 death yaks (IceCv)
  2 boulder beetles
  15 naga warriors
  4 orc high priests (Orc:2)
  9 naga sharpshooters
  4 shock serpents
  4 salamander mystics
  A death drake (Swamp:3)
  3 goliath frogs
  2 bog bodies
  2 spriggan druids
  4 swamp dragons (Swamp:3)
  Lodul (D:13)
  A wizard (Lair:5)
  2 naga ritualists (Snake:4)
  2 deep elf pyromancers
  5 mana vipers
  3 orc knights
  2 orc sorcerers
  A wolf spider (D:15)
  4 manticores
  22 salamanders
  24 ugly things
  9 cyclopes
  4 will-o-the-wisps
  27 black mambas
  7 guardian serpents
  18 naga magi
  8 elephants
  14 cane toads
  A gargoyle (D:12)
  A kobold demonologist (D:14)
  6 rime drakes
  An unseen horror zombie (D:10)
  An efreet (D:13)
  11 komodo dragons
  A freezing wraith (D:14)
  2 trolls
  7 polar bears
  7 hornets
  6 tyrant leeches
  Prince Ribbit (D:7)
  21 blink frogs
  5 dream sheep (Lair:2)
  8 slime creatures
  A spriggan (shapeshifter) (D:13)
  7 spriggans
  2 shadows (D:10)
  8 wraiths
  4 wyverns
  2 hogs (D:14)
  A vampire (D:12)
  44 yaks
  Grum (D:11)
  4 basilisks
  A fire elemental (Lair:2)
  A death yak simulacrum (Lair:2)
  2 vampire mosquitoes
  34 nagas
  3 wargs
  An acid dragon (D:10)
  14 swamp worms
  20 water moccasins
  A hell hound (Lair:5)
  7 swamp drakes
  29 orc warriors
  A black bear (D:8)
  2 sky beasts
  3 ice beasts
  16 wolves
  8 ogres
  8 centaurs
  A phantom (D:6)
  12 bullfrogs
  A necrophage (D:8)
  4 gnoll sergeants
  A cane toad simulacrum (Lair:2)
  3 scorpions
  5 wights (Ossuary)
  10 killer bees
  9 electric eels
  5 howler monkeys
  A lava snake (Lair:2)
  9 crimson imps
  8 hounds
  2 gnoll boudas (D:5)
  34 orc priests
  A jelly (D:7)
  4 iguanas
  12 orc wizards
  7 hell rats (Lair:3)
  A polar bear simulacrum (Lair:2)
  A mummy (D:7)
  A howler monkey zombie (D:10)
  8 adders
  17 gnolls
  3 shadow imps
  3 white imps
  An adder zombie (Ossuary)
  3 worms
  8 dart slugs (D:4)
  84 orcs
  4 endoplasms
  3 giant cockroaches
  5 goblins
  4 hobgoblins
  5 jackals
  5 kobolds
  A quokka (D:2)
  6 ball pythons
  3 ball python skeletons (Ossuary)
  A bat (D:2)
  2 frilled lizards
  A hobgoblin zombie (Ossuary)
  An orc skeleton (Ossuary)
  An orc zombie (Ossuary)
  6 rats
878 creatures vanquished.

Vanquished Creatures (collateral kills)
  Jorgrun (D:13)
  A hydra (Swamp:3)
  An orc high priest (Orc:2)
  An orc knight (Orc:2)
  A salamander (Snake:3)
  A guardian serpent (Snake:2)
  A naga mage (Snake:2)
  A hornet (Swamp:3)
  A shadow (D:13)
  A wraith (D:13)
  3 nagas
  An orc warrior (D:7)
  An ogre (D:14)
  An orc priest (Orc:2)
  An orc wizard (D:11)
  4 gnolls (D:5)
  5 orcs
26 creatures vanquished.

Vanquished Creatures (others)
  6 bloated husks
  A human (D:14)
  18 dancing weapons
  A bush (Lair:5)
  16 foxfires
  33 fungi
  68 plants
143 creatures vanquished.

Grand Total: 1047 creatures vanquished

Notes
Turn   | Place    | Note
-------+----------+-------------------------------------------
     0 | D:1      | ragingrage the Felid Transmuter began the quest for the
                  | Orb.
     0 | D:1      | Reached XP level 1. HP: 9/9 MP: 4/4
    21 | D:1      | You fall into a shaft and drop 1 floor!
   329 | D:2      | Reached XP level 2. HP: 12/12 MP: 4/6
   354 | D:2      | Learned a level 2 spell: Wereblood
   943 | D:1      | Learned a level 2 spell: Ensorcelled Hibernation
  1484 | D:2      | Reached skill level 1 in Hexes
  1484 | D:2      | Reached XP level 3. HP: 15/15 MP: 3/7
  1923 | D:3      | Reached skill level 1 in Ice Magic
  1943 | D:3      | Found a faded altar of an unknown god.
  1985 | D:3      | Found a sacrificial altar of Ru.
  2234 | D:3      | Reached XP level 4. HP: 19/19 MP: 6/8
  2324 | D:4      | Reached skill level 1 in Stealth
  2618 | D:4      | Noticed a scorpion
  2828 | D:4      | Reached skill level 4 in Unarmed Combat
  2881 | D:4      | Killed a scorpion
  2882 | D:4      | Reached XP level 5. HP: 22/22 MP: 4/9
  3117 | D:4      | Gained mutation: You are covered in thick fur. (AC +2)
                  | [Felid growth]
  3117 | D:4      | Reached XP level 6. HP: 25/25 MP: 7/10
  3304 | D:5      | Entered Level 5 of the Dungeon
  3304 | D:5      | Found Sauw's Magic Scroll Emporium.
  3439 | D:5      | Bought a scroll of fear for 44 gold pieces
  3575 | D:5      | Learned a level 3 spell: Tukima's Dance
  3581 | D:5      | Identified the +3 quarterstaff "Ginodd" {freeze, Str+6}
  3602 | D:5      | Noticed an ice beast
  3960 | D:5      | Reached skill level 5 in Unarmed Combat
  4084 | D:5      | Reached skill level 5 in Hexes
  4084 | D:5      | Reached XP level 7. HP: 28/28 MP: 0/11
  4210 | D:5      | Reached skill level 5 in Stealth
  4507 | D:6      | Found a staircase to the Ecumenical Temple.
  4517 | D:6      | Found Nyav's Antique Armour Shop.
  4525 | Temple   | Entered the Ecumenical Temple
  4547 | Temple   | Became a worshipper of Gozag Ym Sagoz the Greedy
  4648 | D:6      | Found a white marble altar of Elyvilon.
  4877 | D:6      | Found Goisyuni's Armour Shoppe.
  4893 | D:6      | Found Gebbuydgh's Antique Weapon Emporium.
  4949 | D:6      | Found Ajazxob's Weapon Shoppe.
  5137 | D:7      | Reached XP level 8. HP: 32/32 MP: 12/12
  5156 | D:7      | Reached skill level 6 in Unarmed Combat
  5228 | D:7      | Found a sand-covered staircase.
  5241 | Ossuary  | Entered an ossuary
  5371 | Ossuary  | Noticed a flying skull
  5394 | Ossuary  | Noticed a flying skull
  5395 | Ossuary  | Noticed a flying skull
  5419 | Ossuary  | Reached skill level 7 in Unarmed Combat
  5724 | D:7      | Noticed a hornet
  5726 | D:7      | Killed a hornet
  5804 | D:7      | Reached skill level 8 in Unarmed Combat
  5804 | D:7      | Reached XP level 9. HP: 35/35 MP: 10/13
  6279 | D:7      | Noticed Prince Ribbit
  6281 | D:7      | Killed Prince Ribbit
  6508 | D:7      | Reached skill level 9 in Unarmed Combat
  6627 | D:7      | Reached skill level 5 in Transmutations
  7010 | D:5      | Learned a level 4 spell: Ice Form
  7102 | D:5      | Reached skill level 10 in Unarmed Combat
  7262 | D:5      | Found Ipiekaoj's Distillery.
  7357 | D:5      | Bought a potion of might for 56 gold pieces
  7357 | D:5      | Bought a potion of curing for 42 gold pieces
  7357 | D:5      | Bought a potion of curing for 42 gold pieces
  7528 | D:5      | Reached XP level 10. HP: 40/40 MP: 3/14
  8413 | D:8      | Found a radiant altar of Vehumet.
  9273 | D:8      | Found a staircase to the Lair.
 10022 | D:9      | Reached skill level 5 in Fighting
 10022 | D:9      | Reached skill level 11 in Unarmed Combat
 11241 | D:10     | Entered Level 10 of the Dungeon
 11292 | D:10     | Found a sparkling altar of Nemelex Xobeh.
 11540 | D:10     | Found a basalt altar of Yredelemnul.
 11735 | D:10     | Reached XP level 11. HP: 49/49 MP: 15/15
 12095 | D:11     | Noticed a green ugly thing
 12102 | D:11     | Killed a green ugly thing
 12103 | D:11     | Reached skill level 12 in Unarmed Combat
 12105 | D:11     | Noticed Grum
 12113 | D:11     | Killed Grum
 12171 | D:11     | Reached skill level 10 in Stealth
 12786 | D:11     | Noticed a centaur warrior
 12788 | D:11     | Killed a centaur warrior
 12796 | D:11     | HP: 2/51 [centaur/arrow[a centaur warrior] (10)]
 12797 | D:11     | Shot with an arrow by a centaur
 12798 | D:11     | Reached XP level 10. HP: -1/48 MP: 14/14
 12802 | D:11     | Found a staircase to the Orcish Mines.
 13121 | D:11     | Noticed a cyclops
 13130 | D:11     | Mangled by a cyclops
 13131 | D:11     | Reached XP level 9. HP: -12/44 MP: 8/13
 13175 | D:11     | Noticed a troll
 13195 | D:11     | HP: 2/44 [cyclops/large rock (25)]
 13353 | Lair:1   | Entered Level 1 of the Lair of Beasts
 14203 | Lair:2   | Found a frozen archway.
 14216 | Lair:2   | Reached XP level 10. HP: 45/49 MP: 11/15
 14284 | Lair:2   | Found a blossoming altar of Fedhas.
 14310 | Lair:2   | Reached skill level 5 in Ice Magic
 14352 | IceCv    | Entered an ice cave
 14431 | IceCv    | Reached skill level 13 in Unarmed Combat
 14433 | IceCv    | Reached skill level 10 in Fighting
 14487 | IceCv    | Noticed a death yak
 14613 | IceCv    | Killed a death yak
 14733 | IceCv    | Noticed a death yak
 14734 | IceCv    | Noticed a death yak
 14735 | IceCv    | Killed a death yak
 14736 | IceCv    | Reached XP level 11. HP: 55/55 MP: 16/16
 14736 | IceCv    | Noticed a death yak
 14918 | Lair:2   | Noticed a catoblepas
 14990 | Lair:2   | Killed a catoblepas
 14991 | Lair:2   | Reached skill level 5 in Dodging
 15734 | Lair:2   | Found a staircase to the Swamp.
 16160 | Lair:2   | Identified a scroll of acquirement
 16161 | Lair:2   | Acquired the ring "Kurug" {rF+ rN+ Int+2}
 16749 | Lair:3   | Noticed Gastronok
 16779 | Lair:3   | Found a staircase to the Snake Pit.
 17209 | Lair:3   | Gained mutation: Your thick and shaggy fur keeps you warm.
                  | (AC +3, rC+) [Felid growth]
 17209 | Lair:3   | Reached XP level 12. HP: 36/61 MP: 9/18
 17303 | Lair:3   | Learned a level 5 spell: Blade Hands
 19114 | Lair:3   | Killed Gastronok
 20003 | Lair:4   | Noticed a catoblepas
 20017 | Lair:4   | Mangled by a catoblepas
 20018 | Lair:4   | Reached XP level 11. HP: -9/69 MP: 11/18
 20211 | Lair:4   | Acquired 807 gold pieces
 20834 | Lair:3   | Noticed a catoblepas
 20839 | Lair:3   | Killed a catoblepas
 20848 | Lair:3   | Acquired the ring of Wonawof {rN+ rCorr Str+2}
 20968 | Lair:4   | Reached XP level 12. HP: 63/63 MP: 14/19
 21567 | Lair:4   | Killed a catoblepas
 21568 | Lair:4   | Reached skill level 14 in Unarmed Combat
 21568 | Lair:4   | Reached skill level 10 in Transmutations
 21861 | Lair:5   | Entered Level 5 of the Lair of Beasts
 21877 | Lair:5   | Noticed a dire elephant
 21945 | Lair:5   | Noticed a catoblepas
 21973 | Lair:5   | Killed a catoblepas
 22050 | Lair:5   | Found a staircase to the Slime Pits.
 22460 | Lair:5   | Reached skill level 5 in Spellcasting
 22466 | Lair:5   | Learned a level 3 spell: Swiftness
 22521 | Lair:5   | Reached skill level 10 in Dodging
 22710 | Lair:5   | Reached skill level 1 in Air Magic
 22722 | Lair:5   | Reached skill level 1 in Evocations
 23375 | Lair:5   | Noticed a seven-headed hydra
 23460 | Lair:5   | Killed a seven-headed hydra
 23461 | Lair:5   | Reached XP level 13. HP: 66/66 MP: 15/21
 23508 | Lair:5   | Found an ancient bone altar of Kikubaaqudgha.
 23619 | Lair:5   | Found a burning altar of Makhleb.
 24024 | Lair:5   | Killed a dire elephant
 24613 | D:11     | Found a hide-covered altar of Uskayaw.
 25046 | Orc:1    | Entered Level 1 of the Orcish Mines
 25442 | Orc:2    | Entered Level 2 of the Orcish Mines
 25559 | Orc:2    | Paralysed by an orc sorcerer for 2 turns
 25832 | Orc:2    | Found a staircase to the Elven Halls.
 27128 | Orc:2    | Found Qupnye's Jewellery Emporium.
 27128 | Orc:2    | Found Neseugul's Antique Armour Emporium.
 27129 | Orc:2    | Found Jagg's Armour Shoppe.
 27129 | Orc:2    | Found Suyhowk's Antique Armour Emporium.
 27926 | D:12     | Noticed Fannar
 27938 | D:12     | Killed Fannar
 28491 | D:13     | Found a runed translucent gate.
 28493 | D:13     | Found a runed translucent gate.
 28499 | D:13     | Noticed epsilonplus's ghost (journeyman TeHu)
 28551 | D:13     | Found a runed translucent gate.
 28571 | D:13     | Noticed Josephine
 28574 | D:13     | Noticed Jorgrun
 28726 | D:13     | Killed Josephine
 28727 | D:13     | Reached skill level 10 in Hexes
 28810 | D:13     | Killed Jorgrun
 28817 | D:13     | Reached XP level 14. HP: 41/70 MP: 22/22
 29175 | D:14     | Reached skill level 15 in Unarmed Combat
 29243 | D:14     | Noticed Lodul
 29261 | D:13     | Killed Lodul
 29623 | D:14     | Found Kamneck's Antique Weapon Emporium.
 29660 | D:14     | Noticed Kirke
 29679 | D:14     | Killed Kirke
 29928 | D:14     | Reached skill level 5 in Evocations
 30097 | D:14     | Found a gate to the Vaults.
 31274 | D:14     | Found a gate to the Vaults.
 31387 | D:14     | Found Kamneck's Antique Weapon Emporium.
 31803 | D:15     | Entered Level 15 of the Dungeon
 32840 | D:15     | Found a shimmering altar of Xom.
 33232 | D:15     | Found a staircase to the Depths.
 33554 | D:15     | Bought a scroll of butterflies for 52 gold pieces
 33554 | D:15     | Bought a scroll of blinking for 97 gold pieces
 33849 | Snake:1  | Entered Level 1 of the Snake Pit
 34425 | Snake:1  | Reached XP level 15. HP: 74/74 MP: 24/24
 34433 | Snake:1  | Learned a level 5 spell: Yara's Violent Unravelling
 35276 | Snake:2  | Found a runed translucent door.
 35277 | Snake:2  | Found a shimmering altar of Xom.
 35277 | Snake:2  | Noticed hikkokomori's ghost (adept MiGl)
 35277 | Snake:2  | Identified the +7 eveningstar "Demonbane" {chaos, rElec
                  | rCorr Stlth+}
 35796 | Snake:2  | Identified the +2 leather armour "Wajesep" {rN+}
 35864 | Snake:2  | Reached skill level 15 in Stealth
 36023 | Snake:2  | Noticed Donald
 36046 | Snake:2  | Killed Donald
 36774 | Snake:2  | Reached skill level 16 in Unarmed Combat
 37206 | Snake:2  | Found Abbim's Armour Shop.
 37551 | Snake:3  | Found a runed translucent door.
 37644 | Snake:3  | Noticed Mimusiah's ghost (adept HOFi)
 38747 | Snake:3  | HP: 3/91 [salamander (12)]
 39244 | Snake:4  | Entered Level 4 of the Snake Pit
 39282 | Snake:4  | Learned a level 2 spell: Passwall
 40074 | Snake:4  | Found a sparkling altar of Nemelex Xobeh.
 40485 | Snake:4  | Reached XP level 16. HP: 79/80 MP: 1/27
 40799 | Snake:4  | Reached skill level 15 in Fighting
 40970 | Snake:4  | Reached skill level 17 in Unarmed Combat
 42488 | Snake:4  | Learned a level 4 spell: Cause Fear
 43663 | Swamp:1  | Entered Level 1 of the Swamp
 44422 | Swamp:2  | Noticed Mlioglotl
 44645 | Swamp:2  | Reached skill level 5 in Air Magic
 44953 | Swamp:1  | Killed Mlioglotl
 46424 | Swamp:3  | HP: 4/97 [will-o-the-wisp/foxfire (18)]
 47195 | Swamp:3  | Reached XP level 17. HP: 59/85 MP: 26/30
 47427 | Swamp:4  | Entered Level 4 of the Swamp
 47435 | Swamp:4  | HP: 1/78 [spectral seven-headed hydra[a ghost crab] (4)]
 47435 | Swamp:4  | Mangled by a spectral seven-headed hydra
 47436 | Swamp:4  | Reached XP level 16. HP: -8/72 MP: 29/29
 47477 | Swamp:4  | Identified the +2 rapier "Winteol" {heavy, rPois rN+ Int+2}
 47595 | Swamp:4  | Slain by a goliath frog
 47596 | Swamp:4  | Reached XP level 15. HP: -2/92 MP: 28/28
 47689 | Swamp:4  | Mangled by a bunyip

Illustrated notes

Levels and vault maps discovered:
D:1:      dpeg_arrival_erosion, layout_loops_ring
D:2:      layout_loops_ring
D:3:      layout_rooms, overflow_temple_1_default, basic_ecumenical_altar,
          hex_tiny, minmay_between
D:4:      kennysheep_slugbush, layout_cave_pools
D:5:      layout_cave_pools, serial_shops, shop, serial_gnoll_camp,
          gnoll_camp_mini_loothouse, gnoll_camp_huts_basic,
          gnoll_camp_mini_doghouse, gnoll_camp_medium_01, gnoll_camp_mini_shop,
          chequers_serial_rivers_room_b
D:6:      layout_gridville, elyvilon_altar_5, minmay_temple_entry_hall,
          serial_shops, nicolae_shop_crystal, nicolae_shop_crystal,
          nicolae_shop_waterfront, nicolae_shop_crystal,
          kennysheep_generic_room_15
D:7:      cheibrodos_barr_body, layout_basic, gup_ossuary_entry_pyramid,
          minmay_nine_imps, uniq_prince_ribbit1
D:8:      layout_basic, mainiacjoe_overflow_alcove_1, david_lair_shrubbed,
          amcnicky_mini_corridor_feature
D:9:      layout_stronghold, minmay_fire_ice_demons
D:10:     layout_irregular_city, mainiacjoe_overflow_six_doors_small,
          lemuel_zombie_altar_yredelemnul
D:11:     layout_basic, hiddenorc2_lemuel, nicolae_uskayaw_dance_hall, uniq_grum
D:12:     layout_cave_pools, serial_bayou, serial_bayou_crossing,
          serial_bayou_pond_e, serial_bayou_pond_d, serial_bayou_pond_e,
          uniq_fannar
D:13:     layout_basic, gammafunk_ghost_split, uniq_josephine, uniq_jorgrun
D:14:     layout_loops_ring, david_vaults_5, serial_shops, shop, uniq_lodul,
          uniq_kirke
D:15:     hangedman_depths_entry_try_elsewhere_first, layout_basic,
          chequers_serial_rivers_small_b, xom_teletrap_fun
Temple:   nicolae_temple_bog_church
Lair:1:   layout_layer_cave, serial_bayou_pond_c
Lair:2:   layout_chaotic_city, minmay_swamp_entry_eels,
          portal_ice_cave_entry_ice_simulacra, basic_altar,
          chequers_serial_rivers_room_a
Lair:3:   layout_layer_cave, guppyfry_snake_entry_island,
          kennysheep_catoblepas_arena, infiniplex_staircase_pool_2,
          uniq_gastronok
Lair:4:   layout_cave_pods, lemuel_fruit_tree, infiniplex_staircase_pool,
          grunt_megastairs_5
Lair:5:   evil_forest, layout_cave_pods, dpeg_slime_entry_enclosed, basic_altar,
          lemuel_fruit_fields
Swamp:1:  layout_basic_swamp, evilmike_swamp_ruin_rubble_1, swamp_pool5
Swamp:2:  layout_falls_marsh, nicolae_swamp_little_tower, uniq_mlioglotl
Swamp:3:  nicolae_swamp_husk_halls, layout_falls_marsh,
          nicolae_swamp_triple_paths, st_swamp_ruins_4
Swamp:4:  swamp, layout_basic_swamp
Snake:1:  layout_misc_corridors
Snake:2:  layout_cave_town, ebering_ghost_xom, serial_shops,
          nicolae_square_shop, serial_bayou_shore_b, uniq_donald
Snake:3:  layout_onion_interference, hellmonk_ghost_happy_afterlife
Snake:4:  snake_pit_salamanders_mu, layout_rooms, basic_altar,
          nicolae_snake_squiggles, nicolae_snake_salamander_jacuzzi, uniq_nikola
Orc:1:    layout_diamond_mine, basic_altar
Orc:2:    st_orc_pillars, layout_diamond_mine

Skill      XL: |  1  2  3  4  5  6  7  8  9 10 11 12 13 14 15 16 |
---------------+-------------------------------------------------+-----
Transmutations | 3 5 8 9 11 13 | 13.6
Hexes          | 1 2 3 5 6 7 8 10 12 13 | 13.0
Ice Magic      | 1 2 4 5 |  5.0
Stealth        | 2 3 4 6 8 9 10 12 13 14 15 | 15.0
Unarmed Combat | 4 5 8 10 13 12 14 15 16 17 | 17.4
Fighting       | 2 11 12 13 14 15 | 15.0
Spellcasting   | 3 5 7 8 |  8.0
Dodging        | 4 7 10 11 12 13 | 13.0
Air Magic      | 2 3 7 |  7.7
Evocations     | 2 4 6 |  6.6

Action                     |  1- 3 |  4- 6 |  7- 9 | 10-12 | 13-15 | 16-18 || total
---------------------------+-------+-------+-------+-------+-------+-------++-------
  Melee: Unarmed           |    84 |   121 |   252 |   621 |   817 |   461 ||  2356
         Headbutt          |    12 |     3 |    14 |     8 |       |       ||    37
         Bite              |     7 |    19 |    26 |    37 |    14 |     2 ||   105
         Punch             |       |     4 |     7 |    16 |     7 |     3 ||    37
   Cast: Beastly Appendage |    24 |     7 |    12 |     8 |       |       ||    51
         Wereblood         |     7 |     5 |     2 |    11 |    24 |       ||    49
         Ensorcelled Hiber |     1 |    37 |    36 |   278 |   118 |    27 ||   497
         Tukima's Dance    |       |     4 |    12 |    16 |    66 |    16 ||   114
         Ice Form          |       |       |     2 |    24 |    84 |    42 ||   152
         Blade Hands       |       |       |       |     9 |     2 |       ||    11
         Yara's Violent Un |       |       |       |       |    38 |     1 ||    39
         Swiftness         |       |       |       |       |     1 |       ||     1
 Invoke: Potion Petition   |       |       |       |     1 |     2 |     4 ||     7
         Call Merchant     |       |       |       |       |     6 |       ||     6
Ability: End Transformatio |       |       |       |       |     1 |       ||     1
  Evoke: Wand              |       |       |       |    17 |     6 |     3 ||    26
         Piece from Xom's  |       |       |       |     1 |     1 |     3 ||     5
         Box of beasts     |       |       |       |       |     3 |     2 ||     5
         Phantom mirror    |       |       |       |       |       |     1 ||     1
    Use: Potion            |     2 |       |       |     3 |     1 |     4 ||    10
         Scroll            |       |     7 |     4 |    11 |     7 |     5 ||    34
   Stab: Sleeping          |     2 |    13 |    52 |   149 |    71 |    22 ||   309
         Distracted        |       |       |     4 |     4 |    12 |     9 ||    29
         Petrified         |       |       |       |     1 |       |       ||     1
         Invisible         |       |       |       |       |     5 |       ||     5
         Confused          |       |       |       |       |       |     1 ||     1
         Fleeing           |       |       |       |       |       |     1 ||     1
 Armour: Skin              |     3 |    10 |    15 |    90 |   170 |   114 ||   402
  Dodge: Dodged            |    56 |    90 |   131 |   418 |   514 |   287 ||  1496

Table legend: (Time is in decaauts)
 A = Elapsed time spent in this place.
 B = Non-inter-level travel time spent in this place.
 C = Inter-level travel time spent in this place.
 D = Time resting spent in this place.
 E = Time spent auto-exploring this place.
 F = Levels seen in this place.
 G = Mean time per level.
                   A        B        C        D        E       F      G
               +--------+--------+--------+--------+--------+-----+--------+
         Total |  42667 |  40403 |   2264 |  11714 |  17976 |  33 | 1292.9 |
       Dungeon |  17390 |  16112 |   1278 |   3166 |   8961 |  15 | 1159.3 |
        Temple |     29 |     17 |     12 |      0 |      8 |   1 |   29.0 |
          Lair |   9914 |   9396 |    518 |   3274 |   3568 |   5 | 1982.8 |
         Swamp |   3692 |   3536 |    156 |   1051 |   1430 |   4 |  923.0 |
     Snake Pit |   8786 |   8578 |    208 |   3768 |   2700 |   4 | 2196.5 |
  Orcish Mines |   2156 |   2067 |     89 |    235 |   1156 |   2 | 1078.0 |
       Ossuary |    263 |    263 |      0 |      2 |    108 |   1 |  263.0 |
      Ice Cave |    434 |    434 |      0 |    215 |     42 |   1 |  434.0 |
               +--------+--------+--------+--------+--------+-----+--------+

Top non-repeatable levels by time:
  Lair:2: 3134 daAuts
 Snake:3: 2849 daAuts
 Snake:4: 2548 daAuts
  Lair:3: 2396 daAuts
    D:14: 2266 daAuts
  Lair:5: 2184 daAuts
 Snake:2: 2139 daAuts
    D:15: 1617 daAuts
     D:5: 1604 daAuts
     D:8: 1519 daAuts
   Orc:2: 1509 daAuts
  Lair:4: 1457 daAuts
    D:11: 1410 daAuts
     D:7: 1374 daAuts
 Swamp:3: 1368 daAuts
